AoeStats
← Josep152x

Arabia

507575329Analyzed
2v2 RM · 14d ago on Sep 18, 2026· 50m 58s· 4 players
Game mode
Random Map
Map size
Medium (4 player)
Population
200
Speed
Normal
Resources
Standard
Victory
Conquest
Starting age
Dark Age
Ending age
Imperial Age
RankedLock teamsTeams togetherTeam positionsShared explorationLock speedFull tech treeHidden civsTurbo modeCheats
Victory
Defeat
🇪🇸 Franks · Spain
669
+18
🇪🇸 Bohemians · Spain
669
+18
🇦🇷 Dravidians · Argentina
745
-19
🇵🇱 Poles · Poland
686
-17
Gumar
13:28 Feudal Age
14:40 Horse Collar
14:54 Double-Bit Axe
24:06 Castle Age
24:50 Pikeman
25:31 Squires
26:14 Bow Saw
29:52 Heavy Plow
31:28 Fletching
31:39 Padded Archer Armor
39:23 Elite Skirmisher
40:40 Crossbowman
42:40 Fervor
42:27 Gold Mining
42:30 Stone Mining
43:31 Light Cavalry
49:13 Town Watch
Maori
1:00 Loom
13:24 Feudal Age
14:47 Wheelbarrow
14:01 Double-Bit Axe
13:57 Horse Collar
14:17 Stone Mining
15:54 Town Watch
17:41 Gold Mining
27:26 Castle Age
26:56 Forging
26:46 Scale Mail Armor
28:31 Hand Cart
28:27 Bow Saw
28:18 Heavy Plow
41:39 Chain Mail Armor
Laràs
10:00 Loom
11:56 Feudal Age
12:23 Man-at-Arms
14:12 Horse Collar
14:19 Double-Bit Axe
19:10 Town Watch
22:40 Castle Age
21:38 Scale Mail Armor
23:48 Bow Saw
23:44 Heavy Plow
24:40 Crossbowman
24:43 Long Swordsman
25:18 Fletching
28:51 Wheelbarrow
31:16 Hand Cart
37:09 Imperial Age
34:18 Pikeman
35:02 Squires
34:50 Arson
35:14 Husbandry
37:11 Two-Handed Swordsman
37:13 Arbalester
37:17 Cavalier
39:40 Scale Barding Armor
39:51 Chain Mail Armor
39:32 Bodkin Arrow
39:04 Elite Hussite Wagon
40:07 Conscription
40:34 Wagenburg Tactics
41:43 Chain Barding Armor
41:26 Padded Archer Armor
48:55 Champion
Josep152x
11:50 Feudal Age
13:09 Double-Bit Axe
15:22 Loom
18:05 Castle Age
20:50 Forging
20:47 Scale Barding Armor
24:30 Iron Casting
29:39 Chain Barding Armor
37:41 Imperial Age
35:34 Scale Mail Armor
35:26 Fletching
36:17 #83
39:11 Cavalier
41:35 Conscription
41:41 Paladin
43:22 Blast Furnace
43:25 Plate Barding Armor
43:25 Elite Throwing Axeman
Connection lost

Rejoining the realm…

Still unreachable

The connection could not be restored.

Session expired

The server has moved on; the page needs a fresh start.